 Dungeon Crawl Stone Soup version 0.17-a0-1691-g18a3847 (webtiles) character file.

66 GiantSquids the Cudgeler (level 4, -16/45 HPs)
             Began as an Ogre Warper on Aug 20, 2015.
             Was an Initiate of Gozag.
             Demolished by an ogre
             ... wielding a cursed -3 giant club
              (27 damage)
             ... on level 2 of the Dungeon.
             The game lasted 00:08:40 (2380 turns).

GiantSquids the Cudgeler (Ogre Warper)              Turns: 2380, Time: 00:08:40

Health: -16/45     AC:  3    Str: 16    XL:     4   Next: 15%
Magic:  8/8        EV: 10    Int: 13    God:    Gozag
Gold:   120        SH:  0    Dex:  9    Spells: 1 memorised, 7 levels left

rFire  . . .     SeeInvis .     h - +0 whip
rCold  . . .     Clarity  .     b - +0 robe
rNeg   . . .     SustAt   .     (no shield)
rPois  .         Gourm    .     (helmet restricted)
rElec  .         Spirit   .     (no cloak)
rCorr  .         Warding  .     (gloves unavailable)
rMut   .         Stasis   .     (boots unavailable)
MR     .....                    (no amulet)
Stlth  +.........               (no ring)
                                (no ring)

@: very slightly contaminated, not resistant to hostile enchantments, very
unstealthy
A: unfitting armour, tough skin 1
a: Potion Petition, Call Merchant, Bribe Branch, Renounce Religion


You were on level 2 of the Dungeon.
You worshipped Gozag.
Gozag was noncommittal.
You were hungry.

You visited 1 branch of the dungeon, and saw 3 of its levels.

You collected 179 gold pieces.
You paid 59 gold pieces to Gozag.

Inventory:

Hand weapons
 h - a +0 whip (weapon)
 o - a +0 hunting sling
Missiles
 e - 4 tomahawks of dispersal (quivered)
 l - 74 stones
 p - 28 poisoned needles
Armour
 b - a +0 robe (worn)
 q - a +0 shield
 r - a +0 robe
Scrolls
 k - a scroll of magic mapping {unknown}
 m - a scroll of identify {unknown}
 n - a scroll of enchant weapon {unknown}
 s - a scroll of random uselessness {unknown}
 u - a scroll of teleportation {unknown}
Potions
 i - a potion of invisibility {unknown}
 j - a potion of curing {unknown}
 t - a potion of lignification {unknown}
Books
 c - a book of Spatial Translocations

   Spells                             Type                      Level
   a - Apportation                    Translocation                1
   b - Blink                          Translocation                2
   c - Shroud of Golubria             Charms/Translocation         2
   d - Portal Projectile              Translocation                3
   e - Teleport Other                 Translocation                3
   f - Passage of Golubria            Translocation                4
Comestibles
 a - 3 fruits
 f - 2 bread rations


   Skills:
 + Level 3.2 Fighting
 + Level 3.5 Maces & Flails
 * Level 2.2 Throwing
 - Level 2.1 Dodging
 + Level 2.9 Spellcasting
 * Level 2.5 Translocations


You had 7 spell levels left.
You knew the following spells:

 Your Spells              Type           Power        Failure   Level  Hunger
a - Apportation           Tloc           #.........   10%         1    #......


Dungeon Overview and Level Annotations

Branches:
Dungeon (3/15)

Altars:
Gozag

Annotations:
D:3 Sigmund


Innate Abilities, Weirdness & Mutations

You are too large for most types of armour.
You have tough skin (AC +1).


Message History

The jackal closely misses you. x2
A jackal comes into view.
Blink to where?
Press: ? - help, Dir - move target cursor, p - jackal You are very lightly contaminated with residual magic.
As you read the scroll of blinking, it crumbles to dust.
There is a stone staircase leading up here.
You climb upwards.
The ogre closely misses you.
There is a stone staircase leading down here.
Quiver which item? (- for none, * to show all) (? for menu, Esc to quit)
Quivering
e - 5 tomahawks of dispersal for throwing.
Throwing (i - inventory. (,) - cycle):
e - 5 tomahawks of dispersal (quivered)
Press: ? - help, Shift-Dir - straight line, f - ogre
Aim: an ogre, wielding a giant club You throw a tomahawk of dispersal.
The tomahawk of dispersal hits the ogre but does no damage.
The ogre hits you with a giant club!!
Ouch! That really hurt!
You die...
Your body crumbles into a pile of gold.

.##...........#.
..##.#....>...#
...#.##.....#.#
#8..$8#
...#..#######.######
#.....##
...##..######...<..##
8.....8#
..####..............#
.....# .##
########.......#
8...8# ##
#...O...#### ##>##
#...@......#######
##.....###......#
####### ########


You could see an ogre.

Vanquished Creatures
  4 adders
  5 bats
  5 giant cockroaches
  4 hobgoblins
  A jackal (D:3)
  A quokka (D:2)
  A ball python (D:3)
  3 giant newts
  4 goblins
  A kobold (D:2)
  4 rats
33 creatures vanquished.

Notes
Turn   | Place    | Note
--------------------------------------------------------------
     0 | D:1      | GiantSquids the Ogre Warper began the quest for the Orb.
     0 | D:1      | Reached XP level 1. HP: 22/22 MP: 3/3
   278 | D:1      | Reached skill level 3 in Maces & Flails
   279 | D:1      | Reached XP level 2. HP: 25/29 MP: 5/5
   615 | D:2      | Found a faded altar to an unknown god.
   920 | D:2      | Reached XP level 3. HP: 35/37 MP: 7/7
  1408 | D:2      | Noticed an ogre
  1890 | D:3      | Found an opulent altar of Gozag.
  1938 | D:3      | Reached XP level 4. HP: 18/45 MP: 8/8
  2227 | D:3      | Became a worshipper of Gozag Ym Sagoz the Greedy
  2295 | D:3      | Noticed Sigmund
  2380 | D:2      | Demolished by an ogre

Vault maps used:
D:1:      matt_arrival_refuge, minmay_statues_item
D:2:      nicolae_overflow_hidden_temple, ecumenical_altar_2, minmay_cupped
D:3:      lemuel_crystal_altar, first_bread, uniq_sigmund

Action                   |  1- 3 |  4- 6 || total
-------------------------+-------+-------++-------
Melee: Whip              |   114 |    16 ||   130
       Mace              |     1 |       ||     1
Throw: Stone             |    65 |    18 ||    83
       Tomahawk          |       |     1 ||     1
  Use: Scroll            |       |     1 ||     1
  Eat: Chunk             |     3 |     1 ||     4
